 Dungeon Crawl Stone Soup version 0.27-a0-1545-g3eddc1d3d3 (webtiles) character file.

Game seed: 5858675299190495

69699 Froggeryz the Frost Mage (level 14, -3/110 HPs)
             Began as a Demigod Ice Elementalist on July 12, 2021.
             Slain by a stone giant (30 damage)
             ... on level 13 of the Dungeon on July 13, 2021.
             The game lasted 00:45:20 (24938 turns).

Froggeryz the Frost Mage (DgIE)                    Turns: 24938, Time: 00:45:20

Health: -3/110     AC: 24    Str: 19    XL:     14   Next: 50%
Magic:  13/23      EV: 16    Int: 30    God:
Gold:   1751       SH:  7    Dex: 21    Spells: 8/20 levels left

rFire    . . .     SeeInvis .   t - +3 flail (protect)
rCold    . . .     Faith    .   S - +0 buckler
rNeg     . . .     Spirit   .   k - +2 robe {Will+}
rPois    +         Reflect  .   y - +0 hat {Will+}
rElec    .         Harm     .   f - +0 cloak
rCorr    .         Rampage  .   c - +0 pair of gloves
Will     +++++                  (no boots)
Stlth    +++.......             o - amulet of regeneration
HPRegen  1.28/turn              e - ring "Umeipliridi" {Drain rPois Str+6 Int+2 Dex+3}
MPRegen  0.18/turn              R - ring of the Mage {Wiz Will++ Int+3}

@: ice-armoured, under a protective aura, freezing walls
A: high mp 1, forlorn, fangs 1, horns 1
a: no special abilities


You were on level 13 of the Dungeon.
You visited 3 branches of the dungeon, and saw 21 of its levels.

You collected 1940 gold pieces.
You spent 189 gold pieces at shops.

Inventory:

Hand Weapons
 t - a +3 flail of protection (weapon)
Missiles
 X - 4 boomerangs of dispersal
Armour
 c - a +0 pair of gloves (worn)
 f - a +0 cloak (worn)
 k - a +2 robe of willpower (worn)
 y - a +0 hat of willpower (worn)
 B - a +2 robe of cold resistance
 N - a +3 troll leather armour {Snorg}
 S - a +0 buckler (worn)
Magical Staves
 g - a staff of earth
Jewellery
 e - the ring "Umeipliridi" (left hand) {Drain rPois Str+6 Int+2 Dex+3}
   (You acquired it on level 7 of the Dungeon)

   [ring of strength]

   Str:       It affects your strength (+6).
   Int:       It affects your intelligence (+2).
   Dex:       It affects your dexterity (+3).
   rPois:     It protects you from poison.
   Drain:     It drains your maximum health when unequipped.
 o - an amulet of regeneration (around neck)
 x - a ring of ice
 G - a ring of protection from cold
 I - the ring of Netetel {rPois rC+ Str-5 Int+3 Dex+4}
   (You found it on level 4 of the Lair of Beasts)

   [ring of protection from cold]

   Str:       It affects your strength (-5).
   Int:       It affects your intelligence (+3).
   Dex:       It affects your dexterity (+4).
   rC:        It protects you from cold.
   rPois:     It protects you from poison.
 L - a ring of protection from fire
 R - the ring of the Mage (right hand) {Wiz Will++ Int+3}
   (You found it on level 10 of the Dungeon)

   [ring of wizardry]

   It improves your spell success rate.
   Int:       It affects your intelligence (+3).
   Will:      It greatly increases your willpower.
Wands
 a - a wand of polymorph (24)
 r - a wand of flame (15)
 D - a wand of charming (22)
 T - a wand of acid (17)
 U - a wand of digging (5)
 V - a wand of iceblast (12)
 W - a wand of paralysis (11)
Scrolls
 b - 2 scrolls of noise
 d - 2 scrolls of magic mapping
 h - a scroll of brand weapon
 j - 2 scrolls of holy word
 l - 7 scrolls of teleportation
 m - 3 scrolls of enchant weapon
 n - 6 scrolls of identify
 u - a scroll of blinking {unknown}
 v - a scroll of amnesia
 C - 3 scrolls of immolation
 K - 2 scrolls of fog
 M - a scroll of silence
Potions
 i - 3 potions of attraction
 p - 2 potions of might
 q - 13 potions of curing
 s - 3 potions of cancellation
 w - 3 potions of berserk rage
 z - a potion of mutation
 A - 2 potions of magic
 E - 2 potions of haste {unknown}
 H - a potion of invisibility {unknown}
 J - a potion of lignification
 O - a potion of resistance
 P - 3 potions of brilliance
 Q - 3 potions of heal wounds
Miscellaneous
 F - a condenser vane


   Skills:
 + Level 6.0 Fighting
 - Level 9.0 Maces & Flails
 - Level 5.5 Dodging
 - Level 5.1 Stealth
 - Level 8.0 Shields
 + Level 3.6 Spellcasting
 - Level 8.1 Conjurations
 - Level 14.7 Ice Magic
 - Level 8.1 Air Magic
 - Level 4.8 Evocations


You had 8 spell levels left.
You knew the following spells:

 Your Spells              Type           Power      Damage    Failure   Level
a - Freeze                Ice            100%       1d11      0%          1
b - Frozen Ramparts       Ice            100%       1d12      1%          3
c - Ozocubu's Armour      Ice            76%        N/A       1%          3
d - Freezing Cloud        Conj/Ice/Air   30%        6-21      1%          5

Your spell library contained the following spells:

 Spells                   Type           Power      Damage    Failure   Level
 Foxfire                  Conj/Fire      100%       2x1d9     1%          1
 Shock                    Conj/Air       100%       1d9       1%          1
 Poisonous Vapours        Pois/Air       58%        N/A       1%          2
 Conjure Flame            Conj/Fire      29%        6-21      1%          3
 Mephitic Cloud           Conj/Pois/Air  37%        N/A       1%          3
 Swiftness                Air            52%        N/A       1%          3
 Airstrike                Air            26%        N/A       1%          4
 Hailstorm                Conj/Ice       65%        3d14      1%          4
 Ice Form                 Ice/Tmut       49%        N/A       1%          4
 Summon Ice Beast         Ice/Summ       49%        N/A       1%          4
 Ignite Poison            Fire/Tmut/Pois 5%         N/A       9%          3
 Inner Flame              Hex/Fire       5%         N/A       9%          3
 Tukima's Dance           Hex            5%         N/A       9%          3
 Simulacrum               Ice/Necr       24%        N/A       21%         6
 Bolt of Magma            Conj/Fire/Erth 10%        4d7       24%         5
 Passage of Golubria      Tloc           N/A        N/A       26%         4
 Yara's Violent Unravell  Hex/Tmut       2%         3d3       56%         5
 Polar Vortex             Ice            38%        N/A       99%         9


Dungeon Overview and Level Annotations

Branches:
Dungeon (13/15)            Temple (0/1) D:6            Lair (6/6) D:8
  Swamp (0/4) Lair:3       Spider (0/4) Lair:2        Slime (0/5) Lair:6
    Orc (2/2) D:11            Elf (0/3) Orc:2
 Vaults: D:13-14

Shops:
D:4 ?   D:10 [   Orc:2 =*(=:

Annotations:
D:6 1 runed translucent door, molind's ghost, amateur DjFE
Lair:4 1 runed translucent door, kirikocho's ghost, adept OpNe
Lair:6 2 transporters, Nirun's ghost, journeyman DjWz


Innate Abilities, Weirdness & Mutations

Your attributes grow dramatically as you level up.
You have an increased reservoir of magic. (+10% MP)
You shall have no god before yourself.
You have very sharp teeth.
You have a pair of small horns on your head.


Message History

The skeletal warrior resists.
The wall freezes the skeletal warrior.
The stone giant is engulfed in freezing vapours.
The wall freezes the stone giant.
The stone giant misses you.
The wall freezes the deep troll earth mage.
The deep troll earth mage gestures at you while chanting.
The wall shatters!
The blast of rock fragments hits you but does no damage.
The skeletal warrior is engulfed in freezing vapours.
The skeletal warrior barely misses you.
The skeletal warrior is engulfed in freezing vapours.
The stone giant is engulfed in freezing vapours.
You hit the stone giant but do no damage.
You headbutt the stone giant.
The stone giant is heavily wounded.
The phantasmal warrior is engulfed in freezing vapours.
The skeletal warrior is engulfed in freezing vapours.
The skeletal warrior resists.
The wall freezes the skeletal warrior.
The wall freezes the deep troll earth mage!
The deep troll earth mage bites you.
The deep troll earth mage claws you but does no damage. x2
The stone giant is engulfed in freezing vapours.
The wall freezes the stone giant!
The stone giant hits you!!
* * * LOW HITPOINT WARNING * * *
The skeletal warrior is engulfed in freezing vapours.
The skeletal warrior hits you from afar with a +0 glaive!
* * * LOW HITPOINT WARNING * * *
The skeletal warrior is engulfed in freezing vapours. x2
Okay, then.
You feel much better.
The phantasmal warrior is engulfed in freezing vapours.
The phantasmal warrior blinks!
The skeletal warrior resists.
The wall freezes the skeletal warrior.
The skeletal warrior resists.
The wall freezes the skeletal warrior.
The stone giant is engulfed in freezing vapours.
The wall freezes the stone giant!
The wall freezes the deep troll earth mage!
You kill the deep troll earth mage!
The stone giant is engulfed in freezing vapours.
The wall freezes the stone giant!
The stone giant hits you!!
You die...

<.....# #.#..#
.......###
......# ###..#
.......W..
......# #..###
...<.....
####### #..#.#
...[)....
#.#..###
#........
#....#.###z§§.#
#.....#.#zz§..#
#.....#.#CC§..#
#....###@†zz..#
###### ########


You could see 2 stone giants, 5 skeletal warriors and a phantasmal warrior.

Vanquished Creatures
  Snorg (Lair:6)
  An ettin (Orc:1)
  Fannar (Lair:2)
  3 boulder beetles (Lair:3)
  5 hydras
  4 catoblepae
  18 death yaks (Lair:6)
  2 orc high priests
  4 two-headed ogres
  A deep troll earth mage (D:13)
  Pikel (D:4)
  A bog body (Lair:3)
  3 orc knights
  2 manticores (Lair:6)
  8 orc sorcerers
  An oklob plant (Lair:6)
  2 slime creatures (D:12)
  2 cyclopes
  4 ugly things
  2 centaur zombies
  5 elephants
  A gargoyle (D:11)
  2 torpor snails (Lair:6)
  4 black mambas
  9 komodo dragons
  5 cane toads
  Psyche (D:9)
  A rime drake (Lair:2)
  4 trolls
  5 polar bears
  3 blink frogs (Lair:1)
  A meliai zombie (D:8)
  4 dream sheep
  A redback (Lair:2)
  50 yaks
  A shadow (D:10)
  2 basilisks
  A wraith (D:10)
  3 wyverns
  Eustachio (D:4)
  4 vampire mosquitoes (D:11)
  4 wargs (Orc:1)
  15 water moccasins
  An acid dragon (D:10)
  3 sky beasts
  36 orc warriors
  4 black bears
  An ice beast (D:6)
  7 ogres
  10 centaurs
  15 wolves
  2 lemures (D:4)
  A phantom (D:5)
  Blork the orc (D:6)
  13 bullfrogs
  2 gnoll sergeants
  3 scorpions
  A water moccasin skeleton (D:5)
  A wyvern skeleton (D:6)
  6 killer bees (D:10)
  9 wights
  10 howler monkeys
  A crimson imp (D:10)
  A gnoll shaman (D:6)
  4 hounds
  31 orc priests
  2 jellies (D:7)
  Jessica (D:3)
  An iguana (D:6)
  Natasha (twice) (D:4)
  35 orc wizards
  29 gnolls
  A howler monkey skeleton (D:7)
  6 adders
  2 shadow imps
  4 white imps
  2 ufetubi (D:5)
  An adder skeleton (D:4)
  4 worms
  2 dart slugs (D:2)
  107 orcs
  7 ball pythons
  5 bats
  6 endoplasms
  5 giant cockroaches
  9 goblins
  2 hobgoblins
  18 jackals
  A quokka (D:4)
  5 frilled lizards
  6 kobolds
  8 rats
627 creatures vanquished.

Vanquished Creatures (others)
  An orc wizard (Orc:2)
  An orc (Orc:2)
  25 fungi
  33 plants
60 creatures vanquished.

Grand Total: 687 creatures vanquished

Notes
Turn   | Place    | Note
-------+----------+-------------------------------------------
     0 | D:1      | Froggeryz the Demigod Ice Elementalist began the quest for
                  | the Orb.
     0 | D:1      | Reached XP level 1. HP: 14/14 MP: 5/5
   467 | D:1      | Reached XP level 2. HP: 20/20 MP: 7/7
   472 | D:1      | Reached skill level 4 in Ice Magic
   746 | D:1      | You fall into a shaft and drop 1 floor!
  1045 | D:2      | Reached XP level 3. HP: 26/26 MP: 4/8
  1646 | D:3      | Noticed Jessica
  1659 | D:3      | Killed Jessica
  1709 | D:3      | Reached XP level 4. HP: 29/33 MP: 9/9
  1918 | D:3      | Reached skill level 5 in Ice Magic
  2026 | D:3      | Learned a level 3 spell: Frozen Ramparts
  2030 | D:3      | Learned a level 3 spell: Ozocubu's Armour
  2442 | D:3      | Reached XP level 5. HP: 38/38 MP: 5/10
  3220 | D:4      | Noticed Pikel
  3231 | D:4      | Noticed Eustachio
  3239 | D:4      | Killed Pikel
  3240 | D:4      | Reached skill level 7 in Ice Magic
  3240 | D:4      | Reached XP level 6. HP: 33/45 MP: 2/12
  3240 | D:4      | Reached XP level 7. HP: 37/50 MP: 2/13
  3275 | D:4      | Killed Eustachio
  3276 | D:4      | Reached skill level 5 in Stealth
  3672 | D:4      | Found Mufozu's Magic Scroll Shop.
  3679 | D:4      | Bought a scroll of teleportation for 36 gold pieces
  3679 | D:4      | Bought a scroll of teleportation for 36 gold pieces
  4015 | D:4      | Noticed Natasha
  4021 | D:4      | Killed Natasha
  4268 | D:4      | Noticed Natasha
  4274 | D:4      | Killed Natasha
  4505 | D:5      | Entered Level 5 of the Dungeon
  4513 | D:5      | Reached skill level 8 in Ice Magic
  4707 | D:5      | Reached skill level 1 in Fighting
  4749 | D:5      | Reached XP level 8. HP: 28/59 MP: 10/14
  5270 | D:5      | Gained mutation: You are robust. (+10% HP) [potion of
                  | mutation]
  5270 | D:5      | Lost mutation: You are robust. (+10% HP) [potion of
                  | mutation]
  5270 | D:5      | Gained mutation: You have a pair of small horns on your
                  | head. [potion of mutation]
  5270 | D:5      | Gained mutation: You have very sharp teeth. [potion of
                  | mutation]
  6890 | D:6      | Noticed Blork the orc
  6901 | D:6      | Killed Blork the orc
  6902 | D:6      | Reached skill level 5 in Dodging
  7006 | D:6      | Found a staircase to the Ecumenical Temple.
  7321 | D:5      | Reached skill level 1 in Maces & Flails
  7417 | D:6      | Reached XP level 9. HP: 48/62 MP: 8/15
  7739 | D:6      | Found a runed translucent door.
  7943 | D:6      | Noticed molind's ghost (amateur DjFE)
  7967 | D:6      | Reached skill level 5 in Maces & Flails
  9023 | D:7      | Identified a scroll of acquirement
  9027 | D:7      | Acquired the ring "Umeipliridi" {Drain rPois Str+6 Int+2
                  | Dex+3}
  9143 | D:8      | Found a staircase to the Lair.
  9187 | D:8      | Learned a level 5 spell: Freezing Cloud
  9999 | Lair:1   | Entered Level 1 of the Lair of Beasts
 10086 | Lair:1   | Reached skill level 1 in Conjurations
 10086 | Lair:1   | Reached skill level 1 in Air Magic
 10089 | Lair:1   | Noticed a komodo dragon
 10090 | Lair:1   | Reached XP level 10. HP: 70/79 MP: 10/16
 11193 | Lair:2   | Noticed Fannar
 11262 | Lair:2   | Killed Fannar
 11387 | Lair:2   | Found a hole to the Spider Nest.
 12038 | Lair:3   | Noticed an elephant
 12039 | Lair:3   | Noticed an elephant
 12039 | Lair:3   | Noticed an elephant
 12040 | Lair:3   | Noticed an elephant
 12040 | Lair:3   | Noticed an elephant
 12076 | Lair:2   | Killed an elephant
 12135 | Lair:3   | Noticed a six-headed hydra
 12147 | Lair:3   | Killed a six-headed hydra
 12148 | Lair:3   | Reached skill level 5 in Conjurations
 12148 | Lair:3   | Reached skill level 5 in Air Magic
 12148 | Lair:3   | Reached XP level 11. HP: 78/84 MP: 10/17
 12241 | Lair:3   | Noticed a catoblepas
 12260 | Lair:3   | Killed a catoblepas
 12376 | Lair:3   | Noticed a boulder beetle
 12392 | Lair:3   | Killed a boulder beetle
 12419 | Lair:3   | Noticed a boulder beetle
 12452 | Lair:3   | Killed a boulder beetle
 12894 | Lair:3   | Found a staircase to the Swamp.
 13040 | Lair:3   | Noticed a boulder beetle
 13081 | Lair:3   | Killed a boulder beetle
 13178 | Lair:3   | Noticed a bog body
 13234 | Lair:3   | Killed a bog body
 13971 | Lair:4   | Reached skill level 9 in Ice Magic
 14103 | Lair:4   | Reached XP level 12. HP: 89/91 MP: 12/18
 14367 | Lair:4   | Reached skill level 10 in Ice Magic
 14574 | Lair:4   | Identified the ring of Netetel {rPois rC+ Str-5 Int+3
                  | Dex+4}
 14750 | Lair:4   | Found a runed translucent door.
 14753 | Lair:4   | Noticed kirikocho's ghost (adept OpNe)
 15025 | Lair:5   | Noticed a six-headed hydra
 15038 | Lair:5   | Killed a six-headed hydra
 15720 | Lair:6   | Entered Level 6 of the Lair of Beasts
 15734 | Lair:6   | Reached skill level 11 in Ice Magic
 15832 | Lair:6   | Noticed a four-headed hydra
 15846 | Lair:6   | Killed a four-headed hydra
 15972 | Lair:6   | Reached skill level 12 in Ice Magic
 16234 | Lair:6   | Reached skill level 13 in Ice Magic
 16362 | Lair:6   | Noticed a catoblepas
 16377 | Lair:6   | Found a transporter.
 16379 | Lair:6   | Noticed a five-headed hydra
 16398 | Lair:6   | Found a transporter.
 16412 | Lair:6   | Noticed a five-headed hydra
 16415 | Lair:6   | Noticed Nirun's ghost (journeyman DjWz)
 16415 | Lair:6   | Noticed a six-headed hydra
 16419 | Lair:6   | Noticed a seven-headed hydra
 16444 | Lair:6   | Reached XP level 13. HP: 90/96 MP: 15/19
 16609 | Lair:6   | Found a staircase to the Slime Pits.
 16761 | Lair:6   | Reached skill level 1 in Evocations
 17145 | Lair:6   | Reached skill level 14 in Ice Magic
 17541 | Lair:6   | Found the +10 Black Knight's barding {ponderous, rPois rN+}
 17656 | Lair:6   | Identified the +5 scythe "Beetle's Curse" {holy, Int+2}
 17796 | Lair:6   | Noticed Snorg
 17808 | Lair:6   | Killed Snorg
 18097 | D:8      | Upgraded the game from 0.27-a0-1529-g1e82c303ef to
                  | 0.27-a0-1545-g3eddc1d3d3
 18257 | D:9      | Noticed Psyche
 18265 | D:9      | Killed Psyche
 18985 | D:10     | Entered Level 10 of the Dungeon
 19141 | D:10     | Found the ring of the Mage {Wiz Will++ Int+3}
 19779 | D:10     | Found Ytuobrit's Antique Armour Emporium.
 19794 | D:10     | Reached skill level 1 in Shields
 20326 | D:11     | Found a staircase to the Orcish Mines.
 21092 | Orc:1    | Entered Level 1 of the Orcish Mines
 21350 | Orc:1    | Reached skill level 5 in Shields
 21466 | Orc:1    | Reached XP level 14. HP: 56/104 MP: 14/20
 21525 | Orc:1    | Found Toira's Jewellery Shoppe.
 21694 | Orc:2    | Entered Level 2 of the Orcish Mines
 23031 | Orc:2    | Found Ruav's Jewellery Shoppe.
 23045 | Orc:2    | Found a staircase to the Elven Halls.
 23552 | Orc:2    | Found Nioteo's General Store.
 23552 | Orc:2    | Found Buloet's Book Emporium.
 23552 | Orc:2    | Found Suli's Jewellery Emporium.
 23563 | Orc:2    | Reached skill level 5 in Fighting
 23574 | Orc:2    | Found Jacyryun's Weapon Shoppe.
 23605 | Orc:2    | Bought a scroll of teleportation for 39 gold pieces
 23605 | Orc:2    | Bought 2 potions of curing for 78 gold pieces
 24938 | D:13     | Slain by a stone giant

Illustrated notes

Levels and vault maps discovered:
D:1:      minmay_arrival_diagonal_passages, layout_loops_ring,
          shapermc_ecumenical_altar_pompeii, chequers_avenue,
          minmay_heptomino_h4
D:2:      layout_rooms
D:3:      layout_loops_ring, zin_scriptorium, uniq_jessica
D:4:      layout_loops_ring, fedhas_altar_fruit_tree, kennysheep_small_circle,
          uniq_eustachio, uniq_pikel, uniq_natasha
D:5:      lemuel_castle_with_subvaults [lemuel_castle_interior_carwin_1],
          layout_basic
D:6:      layout_cave_pools, minmay_temple_entry_glass,
          ebering_ghost_inner_flame, uniq_blork_the_orc
D:7:      layout_loops_corners, nicolae_sif_muna_condensation,
          gammafunk_temple_overflow_claw
D:8:      layout_basic, dpeg_oklobed_lair
D:9:      layout_long_grid, chequers_temple_overflow_statue_of_worship,
          uniq_psyche
D:10:     layout_irregular_city, serial_shops, nicolae_shop_waterfront,
          minmay_fire_ice_demons
D:11:     layout_loops_ring, david_orc_4
D:12:     layout_roguey [special_room_orc]
D:13:     minmay_textured_paths, layout_basic, portal_ice_cave_rime
Lair:1:   layout_cave_pods, serial_bayou_shore_b, lemuel_fruit_fields,
          grunt_megastairs_5
Lair:2:   layout_regular_city, spider_nest_entry_webs, uniq_fannar
Lair:3:   layout_cellular_growth, skrybe_swamp_entry_bodies,
          nzn_sisyphean_effort, grunt_megastairs_1
Lair:4:   layout_regular_city, ebering_ghost_xom
Lair:5:   layout_cave_pods, grunt_forest_stairs_basic
Lair:6:   evilmike_catoblepas_cave, layout_regular_city, slime_altar_1,
          gammafunk_ghost_arena, uniq_snorg
Orc:1:    layout_caves, serial_shops, shop, basic_altar, nooodl_orcs_dogs
Orc:2:    st_orc_mages, layout_caves, basic_altar,
          minmay_shop_enchanted_jewellery

Skill      XL: |  1  2  3  4  5  6  7  8  9 10 11 12 13 14 |
---------------+-------------------------------------------+-----
Spellcasting   | 2 3 |  3.6
Ice Magic      | 4 5 7 8 9 13 14 | 14.7
Stealth        | 2 3 4 5 |  5.1
Dodging        | 2 5 |  5.5
Fighting       | 1 4 6 |  6.0
Maces & Flails | 2 7 9 |  9.0
Conjurations   | 1 5 8 |  8.1
Air Magic      | 1 5 8 |  8.1
Evocations     | 4 |  4.8
Shields        | 5 8 |  8.0

Action                   |  1- 3 |  4- 6 |  7- 9 | 10-12 | 13-15 || total
-------------------------+-------+-------+-------+-------+-------++-------
Melee: Dagger            |    39 |       |       |       |       ||    39
       Unarmed           |     1 |       |       |       |       ||     1
       Short sword       |    35 |    62 |   247 |       |       ||   344
       Flail             |       |       |   146 |   451 |   687 ||  1284
       Headbutt          |       |       |    52 |   147 |   222 ||   421
       Bite              |       |       |    26 |    83 |   117 ||   226
 Cast: Freeze            |    39 |    35 |    19 |       |       ||    93
       Frozen Ramparts   |       |     4 |    48 |    46 |    55 ||   153
       Ozocubu's Armour  |       |     1 |    25 |    26 |    42 ||    94
       Freezing Cloud    |       |       |       |     3 |    38 ||    41
Evoke: Wand              |       |       |       |     3 |       ||     3
  Use: Potion            |       |       |     3 |     2 |     2 ||     7
       Scroll            |       |       |     7 |     5 |    10 ||    22
 Stab: Sleeping          |     6 |     5 |    12 |     8 |     3 ||    34
       Distracted        |       |       |     2 |     1 |     2 ||     5
Armor: Robe              |    18 |    23 |   196 |   235 |   259 ||   731
Dodge: Dodged            |    72 |    55 |   306 |   370 |   581 ||  1384
Block: Buckler           |       |       |       |       |   199 ||   199

Table legend: (Time is in decaauts)
 A = Elapsed time spent in this place.
 B = Non-inter-level travel time spent in this place.
 C = Inter-level travel time spent in this place.
 D = Time resting spent in this place.
 E = Time spent auto-exploring this place.
 F = Levels seen in this place.
 G = Mean time per level.
                   A        B        C        D        E       F      G
               +--------+--------+--------+--------+--------+-----+--------+
         Total |  25004 |  23280 |   1724 |   2492 |  15810 |  21 | 1190.7 |
       Dungeon |  14420 |  13272 |   1148 |   1211 |   9394 |  13 | 1109.2 |
          Lair |   8096 |   7593 |    503 |    557 |   5506 |   6 | 1349.3 |
  Orcish Mines |   2487 |   2415 |     72 |    724 |    908 |   2 | 1243.5 |
               +--------+--------+--------+--------+--------+-----+--------+

Top non-repeatable levels by time:
     D:5: 2755 daAuts
  Lair:6: 2141 daAuts
  Lair:3: 1862 daAuts
   Orc:1: 1758 daAuts
     D:4: 1505 daAuts
     D:3: 1365 daAuts
    D:11: 1164 daAuts
     D:7: 1106 daAuts
  Lair:1: 1100 daAuts
  Lair:2: 1045 daAuts
  Lair:4: 1005 daAuts
    D:12: 991 daAuts
     D:8: 979 daAuts
    D:10: 943 daAuts
  Lair:5: 942 daAuts
